[Event "January 2 Early 2024"]
[Site "https://www.chess.com"]
[Date "2024.01.02"]
[Round "7"]
[White "Tilahun , Abel Mathewos"]
[Black "Munoz Sanchez, Miguel"]
[Result "0-1"]
[Board "177"]
[TimeControl "180+1"]
[WhiteFideId "15702391"]
[BlackFideId "3600734"]
[WhiteElo "2070"]
[BlackElo "2302"]
[WhiteTeam "ETH"]
[BlackTeam "ECU"]
[WhiteClock "0:00:01"]
[BlackClock "0:00:09"]

1. d4 d5 2. c4 c6 3. Nf3 Nf6 4. Nc3 dxc4 5. e3 Bf5 6. Bxc4 e6 7. O-O Bb4 8. a3 Bxc3 9. bxc3 Nbd7 10. a4 Ne4 11. Qb3 Qc7 12. Ba3 g5 13. a5 a6 14. Qb2 O-O-O 15. Nd2 g4 16. Be2 Rhg8 17. Nc4 Ndf6 18. Nb6+ Kb8 19. Bxa6 bxa6 20. Rab1 Ka7 21. c4 Rb8 22. Rfc1 Ng5 23. Bc5 Nf3+ 24. Kf1 Nxh2+ 25. Ke2 Qb7 26. Nc8+ Ka8 27. Qxb7+ Rxb7 28. Rxb7 Kxb7 29. Nd6+ Kc7 30. Nxf7 Ne4 31. Bb6+ Kd7 32. Ne5+ Kc8 33. Rh1 g3 34. f3 Nc3+ 35. Kd2 Na4 36. Nxc6 Nxb6 37. axb6 Kb7 38. Ne7 Rg7 39. Nxf5 exf5 40. c5 h5 41. Ra1 h4 42. Kc3 Nxf3 43. gxf3 g2 44. Rg1 h3 45. Kc4 h2 46. d5 hxg1=Q 47. c6+ Kxb6 48. Kd4 Qd1+ 49. Ke5 g1=Q 50. Kf4 Qxe3+ 51. Kxe3 Qd2+ 52. Kxd2 Kc5 53. Ke3 Kxd5 54. Kf4 Kxc6 55. Kxf5 a5 56. f4 Rb7 57. Kf6 a4 58. Ke6 a3 59. f5 a2 60. f6 a1=Q 61. f7 Qe1+ 0-1

[Event "January 2 Early 2024"]
[Site "https://www.chess.com"]
[Date "2024.01.02"]
[Round "7"]
[White "Pogorelskikh, Sofia"]
[Black "Bogumil, Tatiana"]
[Result "1-0"]
[Board "178"]
[TimeControl "180+1"]
[WhiteFideId "44164548"]
[BlackFideId "4110579"]
[WhiteElo "2295"]
[BlackElo "2014"]
[WhiteTeam "SRB"]
[BlackTeam "RUS"]
[WhiteClock "0:00:20"]
[BlackClock "0:00:00"]

1. e4 g6 2. d4 Bg7 3. Nc3 d6 4. Be3 Nd7 5. Nf3 c6 6. Bd3 Qc7 7. Qd2 b5 8. Ne2 a5 9. c3 Nb6 10. b3 a4 11. O-O Bg4 12. d5 Bxf3 13. gxf3 h5 14. Nd4 cxd5 15. Bxb5+ Kf8 16. exd5 Nxd5 17. Bc6 Nxe3 18. Bxa8 Nxf1 19. Rxf1 axb3 20. axb3 Bh6 21. Qd3 Nf6 22. Kh1 Kg7 23. Rg1 Rxa8 24. Ne6+ fxe6 25. Qxg6+ Kf8 26. Qxh6+ Ke8 27. Qh8+ Kd7 28. Qxa8 Qxc3 29. Qa4+ Qc6 30. Rc1 Qxa4 31. bxa4 Nd5 32. a5 Nb4 33. Rb1 Na6 34. Rb7+ 1-0

[Event "January 2 Early 2024"]
[Site "https://www.chess.com"]
[Date "2024.01.02"]
[Round "7"]
[White "Franchini, Gabriele"]
[Black "Ezat, Mohamed"]
[Result "0-1"]
[Board "180"]
[TimeControl "180+1"]
[WhiteFideId "806790"]
[BlackFideId "10600906"]
[WhiteElo "2201"]
[BlackElo "2506"]
[WhiteTeam "ITA"]
[BlackTeam "EGY"]
[WhiteClock "0:00:10"]
[BlackClock "0:01:21"]

1. e4 d5 2. exd5 c6 3. d4 cxd5 4. Bd3 Nc6 5. c3 Qc7 6. Ne2 Bg4 7. O-O e6 8. Qe1 Bxe2 9. Qxe2 Nf6 10. f4 Bd6 11. g3 O-O 12. Nd2 Rab8 13. Nf3 a6 14. Ne5 b5 15. a3 Na5 16. Be3 Nc4 17. Bf2 a5 18. g4 Qb7 19. g5 Ne4 20. Bxe4 dxe4 21. b3 Nxa3 22. Bg3 a4 23. c4 bxc4 24. bxc4 Qb2 25. Qxb2 Rxb2 26. c5 Bxe5 27. dxe5 Rb3 28. Rfc1 Rc8 29. Bf2 e3 30. Be1 g6 31. Bb4 Nb5 32. Rxa4 Nd4 33. Kf1 Rb2 34. Bc3 Rf2+ 35. Ke1 Nf3+ 36. Kd1 e2+ 37. Kc2 e1=Q+ 0-1

[Event "January 2 Early 2024"]
[Site "https://www.chess.com"]
[Date "2024.01.02"]
[Round "7"]
[White "Tikhonov, Viacheslav"]
[Black "Gottstein, Claudius-Thomas"]
[Result "1-0"]
[Board "181"]
[TimeControl "180+1"]
[WhiteFideId "44196407"]
[BlackFideId "4653327"]
[WhiteElo "2462"]
[BlackElo "2195"]
[WhiteTeam "RUS"]
[BlackTeam "GER"]
[WhiteClock "0:00:02"]
[BlackClock "0:00:00"]

1. e4 Nf6 2. Nc3 d5 3. exd5 Nxd5 4. Nxd5 Qxd5 5. Qf3 Be6 6. Bd3 Qxf3 7. Nxf3 Nc6 8. Bb5 Bd7 9. d4 e6 10. Bf4 Bd6 11. Bg3 a6 12. Ba4 Na5 13. Bxd7+ Kxd7 14. O-O-O Nc4 15. d5 Rhe8 16. dxe6+ Rxe6 17. Rd4 b5 18. Ng5 Re7 19. b3 Nb6 20. Rhd1 Nc8 21. Ne4 Kc6 22. Bxd6 cxd6 23. Nxd6 Re2 24. Nxf7 Rxf2 25. Ne5+ Kb6 26. Nd7+ Kc7 27. Nc5 Nb6 28. R1d2 Rxd2 29. Rxd2 g6 30. Kb2 a5 31. Ne6+ Kc6 32. Nd4+ Kc5 33. c3 Re8 34. Rf2 b4 35. Nc2 bxc3+ 36. Kxc3 Nd5+ 37. Kb2 Nb4 38. Rd2 Nxc2 39. Kxc2 Kb4 40. Rd4+ Kb5 41. Kc3 Re3+ 42. Rd3 Re4 43. a4+ Kc5 44. Rh3 h5 45. Rg3 Re6 46. Rg5+ Kb6 47. Rb5+ Ka6 48. Rg5 Rf6 49. h4 Re6 50. g3 Kb6 51. Kc4 Ka6 52. Kd5 Rf6 53. Ke5 Rb6 54. Kd5 Rf6 55. Kc4 1-0

[Event "January 2 Early 2024"]
[Site "https://www.chess.com"]
[Date "2024.01.02"]
[Round "7"]
[White "Musalov, Ruslan"]
[Black "Tagliati, Eleonore"]
[Result "0-1"]
[Board "182"]
[TimeControl "180+1"]
[WhiteFideId "4141490"]
[BlackFideId "45172234"]
[WhiteElo "2431"]
[BlackElo "2172"]
[WhiteTeam "RUS"]
[BlackTeam "FRA"]
[WhiteClock "0:00:11"]
[BlackClock "0:00:12"]

1. e4 c5 2. Nf3 d6 3. d4 cxd4 4. Nxd4 Nf6 5. Nc3 a6 6. f4 e5 7. Nb3 Qc7 8. Be2 exf4 9. O-O Be6 10. Bxf4 Nbd7 11. Nd4 Be7 12. Nxe6 fxe6 13. Bg4 e5 14. Be3 O-O 15. Nd5 Nxd5 16. Qxd5+ Kh8 17. Bf5 Nf6 18. Qd3 Rad8 19. c4 Qc6 20. b4 g6 21. b5 Qc7 22. Be6 Nh5 23. b6 Qc6 24. Bd5 Qd7 25. Rxf8+ Rxf8 26. Rf1 Rxf1+ 27. Qxf1 Nf6 28. Bg5 Kg7 29. Qc1 Bd8 30. Be3 Nxd5 31. cxd5 Qg4 32. Qc2 Qd7 33. h3 h5 34. a4 Kh7 35. a5 Kg7 36. Bc1 Kg8 37. Be3 Kg7 38. Bg5 Kf7 39. Bxd8 Qxd8 40. Qc7+ Qe7 41. Qc8 Kg7 42. Kh2 Kf7 43. Qh8 Qf6 44. Qc8 Qf4+ 45. Kh1 Qf1+ 46. Kh2 Qf4+ 47. Kg1 Qe3+ 48. Kf1 Qd3+ 49. Ke1 Qxe4+ 50. Kd2 Qxd5+ 51. Kc1 Qc5+ 52. Qxc5 dxc5 53. Kd2 Ke6 54. Ke3 Kd5 0-1

[Event "January 2 Early 2024"]
[Site "https://www.chess.com"]
[Date "2024.01.02"]
[Round "7"]
[White "Blanco Diez, David"]
[Black "Von Buelow, Georg"]
[Result "1/2-1/2"]
[Board "183"]
[TimeControl "180+1"]
[WhiteFideId "32032927"]
[BlackFideId "4620658"]
[WhiteElo "2419"]
[BlackElo "2171"]
[WhiteTeam "ESP"]
[BlackTeam "GER"]
[WhiteClock "0:00:05"]
[BlackClock "0:00:11"]

1. e4 c5 2. c3 Nf6 3. e5 Nd5 4. d4 cxd4 5. cxd4 d6 6. Bc4 e6 7. Nf3 Be7 8. O-O O-O 9. exd6 Qxd6 10. Nc3 Nxc3 11. bxc3 Nd7 12. Qd3 b6 13. Bb3 Bb7 14. Bc2 Nf6 15. Bg5 Be4 16. Qe2 Bxc2 17. Qxc2 Rac8 18. Ne5 Qxd4 19. cxd4 Rxc2 20. a4 Rfc8 21. a5 b5 22. a6 b4 23. Rfb1 h6 24. Bh4 g5 25. Bg3 Ne4 26. f3 Nxg3 27. hxg3 Rd2 28. Rc1 Rcc2 29. Rxc2 Rxc2 30. Rb1 Bd6 31. g4 f6 32. Nd7 Kf7 33. Nc5 Rc4 34. Nb3 Ke7 35. Kf2 Rc2+ 36. Kf1 Kd7 37. Nc5+ Bxc5 38. dxc5 Rc4 39. Rd1+ Ke7 40. Rb1 e5 41. Ke2 Ke6 42. Rd1 Rxc5 43. Rd8 Rc6 44. Rb8 Rxa6 45. Rxb4 Ra2+ 46. Kf1 a5 47. Rb6+ Kf7 48. Ra6 Kg6 49. Ra8 a4 50. Rg8+ Kf7 51. Ra8 a3 52. Ra5 Kg6 53. Kg1 h5 54. gxh5+ Kxh5 55. Kh2 Ra1 56. Ra4 a2 57. Ra5 f5 58. Ra4 e4 59. fxe4 fxe4 60. Ra3 e3 61. Kg3 e2 62. Rxa2 Rxa2 63. Kf2 Kg4 64. Ke1 Kg3 1/2-1/2

[Event "January 2 Early 2024"]
[Site "https://www.chess.com"]
[Date "2024.01.02"]
[Round "7"]
[White "Guzman Lozano, Campo Elias"]
[Black "Ambrogi, Agustin"]
[Result "0-1"]
[Board "184"]
[TimeControl "180+1"]
[WhiteFideId "4403746"]
[BlackFideId "170933"]
[WhiteElo "2171"]
[BlackElo "2418"]
[WhiteTeam "COL"]
[BlackTeam "ARG"]
[WhiteClock "0:00:34"]
[BlackClock "0:01:00"]

1. e4 d5 2. Nc3 dxe4 3. Nxe4 Qd5 4. d3 Nc6 5. Nf3 Nf6 6. Nxf6+ exf6 7. Be2 Bd6 8. O-O O-O 9. Be3 Re8 10. Qd2 a5 11. Rfe1 Bd7 12. a3 a4 13. Bf4 Re6 14. Bf1 Rae8 15. Rxe6 fxe6 16. Re1 e5 17. Bg3 Nd4 18. Nxd4 Qxd4 19. c3 Qd5 20. Qc2 Bc6 21. Re4 f5 22. Rxa4 f4 23. Bh4 f3 24. Re4 Qf7 25. Re3 Rf8 26. gxf3 Bxf3 27. Bg2 Bxg2 28. Kxg2 Bc5 29. Rxe5 Qf3+ 30. Kg1 Qg4+ 31. Bg3 Bxf2+ 32. Qxf2 Rxf2 33. Kxf2 Qd1 34. d4 Qb3 35. Re2 c6 36. Kg2 h5 37. h4 Qd5+ 38. Kf2 Qf5+ 39. Kg2 Kh7 40. Kh2 g5 41. hxg5 Qxg5 42. Re5 Qd2+ 43. Kh3 Kg6 44. Bh4 Qxb2 45. Re3 Qxa3 46. Kg3 Qc1 47. Kf3 Qh1+ 48. Kg3 Qg1+ 49. Kf3 Qg4+ 0-1

[Event "January 2 Early 2024"]
[Site "https://www.chess.com"]
[Date "2024.01.02"]
[Round "7"]
[White "Marcziter, Dmitrii"]
[Black "Chandra, Vania Vindy"]
[Result "0-1"]
[Board "186"]
[TimeControl "180+1"]
[WhiteFideId "13900765"]
[BlackFideId "7103441"]
[WhiteElo "2385"]
[BlackElo "2163"]
[WhiteTeam "GER"]
[BlackTeam "INA"]
[WhiteClock "0:00:00"]
[BlackClock "0:00:12"]

1. d4 d5 2. c4 e6 3. Nc3 Nf6 4. Bg5 Be7 5. e3 O-O 6. cxd5 Nxd5 7. Bxe7 Nxe7 8. Nf3 b6 9. Bd3 Bb7 10. Qc2 Ng6 11. h4 Re8 12. h5 Nf8 13. O-O-O Nc6 14. Qe2 Nb4 15. Bb1 a5 16. a3 Ba6 17. Qd2 Nd5 18. Be4 b5 19. Nxd5 exd5 20. Bd3 b4 21. a4 Bc4 22. Ne5 Qd6 23. Nxc4 dxc4 24. Bxc4 c5 25. b3 cxd4 26. Qxd4 Qe7 27. Kb1 Ne6 28. Qe5 Nc5 29. Qxe7 Rxe7 30. Bd5 Rae8 31. Rd4 h6 32. Rc1 Nd7 33. Bc6 Nf6 34. Bxe8 Rxe8 35. Rdc4 Kh7 36. g4 Ne4 37. R1c2 Nc3+ 38. R4xc3 bxc3 39. Rxc3 Re5 40. Kc2 g6 41. hxg6+ Kxg6 42. f4 Rd5 43. Rc6+ f6 44. Kc3 Kf7 45. Rb6 Rc5+ 46. Kd4 Rc1 47. Rb5 Rd1+ 48. Kc3 Re1 49. Kd2 Rg1 50. Rxa5 Rxg4 51. f5 Ke7 52. Rd5 h5 53. a5 h4 54. Ke2 h3 55. Rd1 h2 56. Rh1 Rg2+ 57. Kd3 Ra2 58. b4 Kd6 59. Kc4 Kc6 60. b5+ Kd6 61. Rd1+ Kc7 62. Kd5 Rd2+ 63. Rxd2 h1=Q+ 64. Ke6 Qe1 65. Rd7+ Kc8 66. Rd5 Qxe3+ 67. Kxf6 Qb3 68. Rc5+ Kb8 69. a6 Qb4 70. Re5 Qd6+ 0-1

[Event "January 2 Early 2024"]
[Site "https://www.chess.com"]
[Date "2024.01.02"]
[Round "7"]
[White "Zhuk, Valeriy"]
[Black "Mende, Andreas"]
[Result "1-0"]
[Board "187"]
[TimeControl "180+1"]
[WhiteFideId "24151254"]
[BlackFideId "4631102"]
[WhiteElo "2382"]
[BlackElo "2150"]
[WhiteTeam "RUS"]
[BlackTeam "GER"]
[WhiteClock "0:00:11"]
[BlackClock "0:00:16"]

1. e4 c5 2. Nf3 Nc6 3. d4 cxd4 4. Nxd4 Nf6 5. Nc3 e5 6. Ndb5 d6 7. Bg5 a6 8. Na3 b5 9. Nd5 Be7 10. Bxf6 Bxf6 11. c3 Bg5 12. Nc2 O-O 13. a4 bxa4 14. Rxa4 a5 15. h4 Bh6 16. Bc4 Rb8 17. Ra2 Kh8 18. g4 Bf4 19. Qf3 Be6 20. Nce3 Bxe3 21. Nxe3 Bxc4 22. Nxc4 d5 23. exd5 e4 24. Qd1 Ne7 25. d6 Ng6 26. Rxa5 Rxb2 27. Nxb2 Qxa5 28. Qd4 Ne5 29. Kf1 Nf3 30. Qb4 Qa6+ 31. Kg2 Rd8 32. Nc4 Qc6 33. Ra1 Nxh4+ 34. Kg3 Nf3 35. Qb6 Qe8 36. Ra7 Rb8 37. d7 Qd8 38. Qxd8+ Rxd8 39. Nd6 Ne5 40. Kf4 Ng6+ 41. Kxe4 Kg8 42. Kd5 Nf8 43. Kc6 Ne6 44. Nb7 Rb8 45. Ra1 g5 46. Re1 Nd8+ 47. Nxd8 Rxd8 48. Re8+ 1-0

[Event "January 2 Early 2024"]
[Site "https://www.chess.com"]
[Date "2024.01.02"]
[Round "7"]
[White "Paragua, Megan Althea"]
[Black "Novikova, Margarita"]
[Result "1-0"]
[Board "188"]
[TimeControl "180+1"]
[WhiteFideId "30973007"]
[BlackFideId "14109689"]
[WhiteElo "2356"]
[BlackElo "2113"]
[WhiteTeam "USA"]
[BlackTeam "GER"]
[WhiteClock "0:00:06"]
[BlackClock "0:00:00"]

1. e4 d5 2. exd5 Qxd5 3. Nc3 Qd6 4. d4 Nf6 5. Bc4 a6 6. Nge2 Bg4 7. f3 Bf5 8. Bf4 Qb4 9. Bb3 Qa5 10. O-O e6 11. a3 Bd6 12. Bxd6 cxd6 13. Ng3 Bg6 14. Qe2 O-O 15. Ba2 Qb6 16. Qd2 Nc6 17. Nge2 e5 18. Na4 Qc7 19. d5 Ne7 20. c4 b5 21. cxb5 axb5 22. Nac3 Nf5 23. Kh1 Qb6 24. Bb1 Ne3 25. Rc1 Nc4 26. Qe1 b4 27. Bxg6 bxc3 28. Qxc3 hxg6 29. Qxc4 Qxb2 30. Rcb1 Qd2 31. Ra2 Qe3 32. Rb3 Qh6 33. Rc2 g5 34. h3 g4 35. fxg4 e4 36. Ng3 Nxg4 37. Qxe4 Ne5 38. Nf5 Qg5 39. Nxd6 Ng6 40. Nf5 Rfe8 41. Qf3 Re1+ 42. Kh2 Rae8 43. Ng3 Qe5 44. Qf2 Nh4 45. Rb4 g5 46. Rg4 f6 47. d6 Qxd6 48. Rd2 Qc7 49. Rd5 Qe7 50. Rdd4 Qe5 51. Rde4 Rxe4 52. Rxe4 Qb8 53. Rxe8+ Qxe8 54. Qxf6 Qe3 55. Qd8+ Kh7 56. Qd7+ Kg6 57. Qd6+ Kh7 58. a4 1-0

[Event "January 2 Early 2024"]
[Site "https://www.chess.com"]
[Date "2024.01.02"]
[Round "7"]
[White "Gerbelli Neto, Eduardo"]
[Black "Crocker, Philip J"]
[Result "1-0"]
[Board "189"]
[TimeControl "180+1"]
[WhiteFideId "2103281"]
[BlackFideId "403180"]
[WhiteElo "2339"]
[BlackElo "2076"]
[WhiteTeam "BRA"]
[BlackTeam "ENG"]
[WhiteClock "0:01:30"]
[BlackClock "0:00:06"]

1. e4 Nf6 2. Nc3 e5 3. f4 d5 4. fxe5 Nxe4 5. d3 Nxc3 6. bxc3 d4 7. Nf3 Nc6 8. Be2 dxc3 9. O-O Qd5 10. Ng5 Bc5+ 11. Kh1 O-O 12. Bh5 g6 13. Ne4 Qxe5 14. Bf4 Qxe4 15. dxe4 gxh5 16. Qxh5 Bd4 17. Bh6 Be6 18. Rad1 Be5 19. Rd5 Bxd5 20. exd5 Bd4 21. dxc6 bxc6 22. Bxf8 Rxf8 23. Rf4 1-0

[Event "January 2 Early 2024"]
[Site "https://www.chess.com"]
[Date "2024.01.02"]
[Round "7"]
[White "Shubhi Gupta"]
[Black "Brandao, Marcius Gomes"]
[Result "1-0"]
[Board "190"]
[TimeControl "180+1"]
[WhiteFideId "25195425"]
[BlackFideId "2124980"]
[WhiteElo "2281"]
[BlackElo "2062"]
[WhiteTeam "IND"]
[BlackTeam "BRA"]
[WhiteClock "0:00:10"]
[BlackClock "0:00:00"]

1. d4 d5 2. Nf3 Nf6 3. c4 e6 4. Nc3 a6 5. cxd5 exd5 6. Bg5 Be6 7. e3 Nbd7 8. Rc1 Bd6 9. Bc4 dxc4 10. e4 Be7 11. h3 c6 12. Qe2 b5 13. d5 cxd5 14. exd5 Nxd5 15. Nxd5 Bxd5 16. Nd4 f6 17. Nf5 Kf7 18. Qh5+ g6 19. Nh6+ Kg7 20. Nf5+ gxf5 21. Bh6+ Kg8 22. Qxf5 Bb4+ 23. Kf1 Bf7 24. Rd1 Ra7 25. Qg4+ Bg6 26. Rd4 Qe7 27. g3 Bc5 28. Rd1 Rc7 29. Kg2 Qe4+ 30. Qxe4 Bxe4+ 31. f3 Bg6 32. Rhe1 Kf7 33. Rd5 Re8 34. Red1 Ne5 35. Bf4 Rce7 36. Rxc5 Nd3 37. Rc7 Nxf4+ 38. gxf4 Rxc7 39. f5 Bxf5 40. Kg3 Rce7 41. Kf4 Bg6 42. h4 Re5 43. Kg3 Rh5 44. Rd2 Re7 45. Rf2 Rhe5 46. f4 Re2 47. Kf3 Rxb2 48. Rxb2 c3 49. Rb3 Bf5 50. Rxc3 b4 51. Rc4 a5 52. Rc5 1-0

[Event "January 2 Early 2024"]
[Site "https://www.chess.com"]
[Date "2024.01.02"]
[Round "7"]
[White "Winkels, Marcel"]
[Black "Alonso Garcia, Rene Marcial"]
[Result "1-0"]
[Board "191"]
[TimeControl "180+1"]
[WhiteFideId "1003887"]
[BlackFideId "3500276"]
[WhiteElo "2002"]
[BlackElo "2275"]
[WhiteTeam "NED"]
[BlackTeam "FID"]
[WhiteClock "0:01:30"]
[BlackClock "0:01:58"]

1. e4 e5 2. Nf3 Nc6 3. Bb5 a6 4. Ba4 Nf6 5. O-O b5 6. Bb3 Bb7 7. Re1 Bc5 8. c3 d6 9. d4 Bb6 10. a4 h6 11. axb5 axb5 12. Rxa8 Qxa8 13. Na3 O-O 14. Nxb5 exd4 15. cxd4 Na5 16. Bc2 Nxe4 17. Qd3 Nf6 18. Qf5 Re8 19. Rxe8+ Qxe8 20. Be3 Qxb5 21. Qxb5 1-0

[Event "January 2 Early 2024"]
[Site "https://www.chess.com"]
[Date "2024.01.02"]
[Round "7"]
[White "Smirnov, Timofey"]
[Black "Brejnik, Gustav"]
[Result "0-1"]
[Board "192"]
[TimeControl "180+1"]
[WhiteFideId "24176427"]
[BlackFideId "362662"]
[WhiteElo "1986"]
[BlackElo "2248"]
[WhiteTeam "RUS"]
[BlackTeam "CZE"]
[WhiteClock "0:00:33"]
[BlackClock "0:00:50"]

1. d4 Nf6 2. Bf4 d5 3. e3 c5 4. c3 Qb6 5. Qb3 c4 6. Qc2 Nc6 7. Nd2 g6 8. e4 Nxe4 9. Nxe4 dxe4 10. Bxc4 Bg7 11. Ne2 O-O 12. Ng3 e5 13. dxe5 Bxe5 14. Be3 Qc7 15. O-O Na5 16. Bb3 Nxb3 17. axb3 f5 18. Bh6 Rd8 19. Rfd1 Be6 20. b4 Bc4 21. Ne2 Bxh2+ 22. Kh1 Be5 23. Nd4 Qe7 24. Qc1 Qh4+ 25. Kg1 Bh2+ 26. Kh1 Bg3+ 0-1

[Event "January 2 Early 2024"]
[Site "https://www.chess.com"]
[Date "2024.01.02"]
[Round "7"]
[White "Cueto, Jonny"]
[Black "Murthy, Pappu"]
[Result "1-0"]
[Board "193"]
[TimeControl "180+1"]
[WhiteFideId "3300145"]
[BlackFideId "2013401"]
[WhiteElo "2248"]
[BlackElo "1984"]
[WhiteTeam "BOL"]
[BlackTeam "USA"]
[WhiteClock "0:01:03"]
[BlackClock "0:00:09"]

1. d4 Nf6 2. Bf4 d5 3. e3 c5 4. Nf3 Nc6 5. Nbd2 Qb6 6. dxc5 Qxb2 7. Rb1 Qc3 8. Bb5 e6 9. Ne5 Qxc5 10. c4 Be7 11. cxd5 Nxd5 12. Ne4 Qa3 13. Nxc6 bxc6 14. Bxc6+ Kf8 15. O-O Nxf4 16. exf4 Ba6 17. Bxa8 Bxf1 18. Rb8+ 1-0

[Event "January 2 Early 2024"]
[Site "https://www.chess.com"]
[Date "2024.01.02"]
[Round "7"]
[White "Chirivi C, Jenny Astrid"]
[Black "Gulamirian, Korun"]
[Result "1-0"]
[Board "194"]
[TimeControl "180+1"]
[WhiteFideId "4403061"]
[BlackFideId "4144899"]
[WhiteElo "2230"]
[BlackElo "1573"]
[WhiteTeam "COL"]
[BlackTeam "RUS"]
[WhiteClock "0:00:16"]
[BlackClock "0:00:00"]

1. d4 Nf6 2. c4 c5 3. d5 b5 4. Qc2 bxc4 5. e4 d6 6. Bxc4 g6 7. Nf3 Bg7 8. O-O O-O 9. h3 a5 10. Na3 Nbd7 11. Be3 Nb6 12. Be2 Ba6 13. Bxa6 Rxa6 14. Nd2 Qd7 15. Ndc4 Nxc4 16. Nxc4 Rb8 17. Rab1 a4 18. Rfd1 Ra7 19. Rd2 Rab7 20. Qd3 Qb5 21. f3 Nd7 22. b3 Qb4 23. a3 Qb5 24. b4 Nb6 25. bxc5 Qxc4 26. cxb6 Qxd3 27. Rxd3 1-0

[Event "January 2 Early 2024"]
[Site "https://www.chess.com"]
[Date "2024.01.02"]
[Round "7"]
[White "Thake, Conrad"]
[Black "Pesotskiy, Mikhail"]
[Result "0-1"]
[Board "195"]
[TimeControl "180+1"]
[WhiteFideId "5602947"]
[BlackFideId "34164453"]
[WhiteElo "1888"]
[BlackElo "2487"]
[WhiteTeam "MLT"]
[BlackTeam "RUS"]
[WhiteClock "0:00:00"]
[BlackClock "0:01:16"]

1. c4 e5 2. Nc3 Nc6 3. g3 Bc5 4. Bg2 a6 5. e3 d6 6. Nge2 Ba7 7. O-O h5 8. h4 g5 9. hxg5 Qxg5 10. d4 h4 11. dxe5 hxg3 12. Ne4 gxf2+ 13. Kxf2 Qh4+ 14. N2g3 Nxe5 15. Rh1 Ng4+ 16. Kf3 Nh2+ 17. Rxh2 Qxh2 18. Qa4+ Bd7 19. Qb4 O-O-O 20. Bd2 f5 21. Ng5 Bc6+ 22. e4 fxe4+ 23. Kg4 Qxg2 24. Rf1 Nh6+ 25. Kf4 Rhf8+ 0-1

[Event "January 2 Early 2024"]
[Site "https://www.chess.com"]
[Date "2024.01.02"]
[Round "7"]
[White "Alimpic, Aleksa"]
[Black "neri_gaite"]
[Result "1-0"]
[Board "196"]
[TimeControl "180+1"]
[WhiteFideId "974323"]
[WhiteElo "2481"]
[BlackElo "2013"]
[WhiteTeam "SRB"]
[WhiteClock "0:00:15"]
[BlackClock "0:00:42"]

1. d4 d5 2. c4 e6 3. Nc3 Nf6 4. Bg5 Be7 5. e3 O-O 6. Rc1 Nbd7 7. Nf3 b6 8. cxd5 exd5 9. Bd3 Bb7 10. O-O c5 11. Qc2 h6 12. Bh4 Rc8 13. Rfd1 a6 14. a4 cxd4 15. Nxd4 Ne4 16. Bxe7 Qxe7 17. Bxe4 dxe4 18. Nf5 Qe6 19. Nd6 Rc7 20. Nxb7 Rxb7 21. Qxe4 Nc5 22. Qxe6 Nxe6 23. Ne4 b5 24. a5 b4 25. Nc5 Nxc5 26. Rxc5 Rfb8 27. Kf1 Rb5 28. Rdd5 Rxc5 29. Rxc5 Rb7 30. Rc6 Ra7 31. Rc8+ Kh7 32. Rb8 Rc7 33. Rxb4 Rc1+ 34. Ke2 Rc2+ 35. Kf3 g5 36. Rb6 h5 37. h3 g4+ 38. hxg4 hxg4+ 39. Kg3 Kg7 40. f3 gxf3 41. gxf3 f6 42. Kf4 Kg6 43. e4 Rh2 44. e5 Rh4+ 45. Kg3 Ra4 46. b4 Kg5 47. f4+ Kf5 48. Rxf6+ Ke4 49. Rb6 Ra3+ 50. Kg4 Ra1 51. Rxa6 Rg1+ 52. Kh5 Kxf4 53. e6 Kf5 54. Kh6 Kf6 55. Kh7 Rg7+ 56. Kh8 Rg1 57. Rb6 Ke7 58. a6 Kf8 59. Kh7 Rg7+ 60. Kh6 Rg1 61. a7 Ke7 62. a8=Q Kf6 63. Qf8+ Ke5 64. e7 Kd5 65. e8=N Rh1+ 66. Kg7 Rg1+ 67. Kf7 Rf1+ 68. Kg8 Rxf8+ 69. Kxf8 Kc4 70. Rb8 Kc3 71. Ke7 Kc4 72. Kd6 Kd4 73. Kc6 Kc4 74. b5 Kd3 75. b6 Kc4 76. b7 Kd3 77. Nc7 Ke3 78. Re8+ Kd3 79. b8=B Kd2 80. Rh8 Kd3 81. Rg8 Kc3 82. Rf8 Kc2 83. Re8 Kd2 84. Rd8+ Kc2 85. Rc8 Kc3 86. Rh8 Kd3 87. Rh7 Ke3 88. Rh6 Kd3 89. Rh5 Ke2 90. Rh4 Kd2 91. Rh3 Ke2 92. Ra3 Ke1 93. Ra4 Kd1 94. Ra5 Kd2 95. Ra6 Kd3 96. Ra7 Ke3 97. Ra8 Ke4 98. Ra1 Kd4 99. Rh1 Ke4 100. Rh2 Kd4 101. Rg2 Kd3 102. Rg3+ Kd4 103. Nb5+ Ke4 104. Rg8 Ke3 105. Kd5 Kf3 106. Nd4+ Ke3 107. Bd6 Kd3 108. Bb4 Ke3 109. Bc5 Kf4 110. Ra8 Ke3 111. Nf5+ Kf4 112. Ke6 Ke4 113. Ra4+ Kf3 114. Rf4+ Kxf4 115. Bd4 Ke4 116. Be5 Kf3 117. Kd5 Kg4 118. Ke4 Kh3 119. Kf4 Kg2 120. Ng3 Kh2 121. Kf3 Kg1 122. Bd4+ Kh2 123. Bc5 Kh3 124. Bg1 Kh4 125. Ne4 Kh3 126. Ng5+ Kh4 127. Kf4 Kh5 128. Kf5 Kh4 129. Bf2+ Kh5 130. Bg3 Kh6 131. Ne6 Kh5 132. Ng7+ Kh6 133. Kf6 Kh7 134. Kf7 Kh6 135. Bf4+ Kh7 136. Ne6 Kh8 137. Bg5 Kh7 138. Nf8+ Kh8 139. Bf6# 1-0

[Event "January 2 Early 2024"]
[Site "https://www.chess.com"]
[Date "2024.01.02"]
[Round "7"]
[White "Babayeva, Nasrin"]
[Black "Kekic, Armin"]
[Result "0-1"]
[Board "197"]
[TimeControl "180+1"]
[WhiteFideId "13416626"]
[BlackFideId "14401274"]
[WhiteElo "1802"]
[BlackElo "2283"]
[WhiteTeam "AZE"]
[BlackTeam "BIH"]
[WhiteClock "0:01:25"]
[BlackClock "0:02:27"]

1. Nf3 d6 2. c4 Nc6 3. g3 e5 4. Nc3 g6 5. Bg2 Bg7 6. O-O Nge7 7. e3 O-O 8. d4 Bd7 9. a3 a5 10. Rb1 Qc8 11. b4 axb4 12. axb4 Bh3 13. d5 Nb8 14. e4 b6 15. Be3 Bxg2 16. Kxg2 f5 17. Bg5 Qe8 18. Bxe7 Qxe7 19. exf5 gxf5 20. h4 h6 21. Re1 e4 22. Nd4 Qe5 23. Nce2 Ra2 24. Qb3 Rd2 25. Qe3 Rd3 0-1

[Event "January 2 Early 2024"]
[Site "https://www.chess.com"]
[Date "2024.01.02"]
[Round "7"]
[White "Refrigerator1955"]
[Black "Espinoza Villanueva, Rodrigo"]
[Result "0-1"]
[Board "198"]
[TimeControl "180+1"]
[BlackFideId "5140188"]
[WhiteElo "2012"]
[BlackElo "2643"]
[BlackTeam "MEX"]
[WhiteClock "0:01:25"]
[BlackClock "0:02:21"]

1. e4 c5 2. Nf3 d6 3. d4 cxd4 4. Nxd4 Nf6 5. Nc3 a6 6. Be2 e5 7. Nb3 Be7 8. O-O Be6 9. Be3 Nbd7 10. a4 Qc7 11. a5 O-O 12. Kh1 Rfd8 13. f4 Nc5 14. Nxc5 dxc5 15. Qe1 exf4 16. Bxf4 Bd6 17. Bxd6 Qxd6 18. Bf3 Qe5 19. Rd1 Rd4 20. Nd5 Rxd1 21. Qxd1 Nxe4 22. Bxe4 Qxe4 23. Nb6 Re8 24. h3 Bxh3 0-1

[Event "January 2 Early 2024"]
[Site "https://www.chess.com"]
[Date "2024.01.02"]
[Round "7"]
[White "Gutierrez Carmona, Juan Alejandro"]
[Black "Diaz Herquinio, Brahian"]
[Result "1-0"]
[Board "199"]
[TimeControl "180+1"]
[WhiteFideId "5106770"]
[BlackFideId "3809480"]
[WhiteElo "2189"]
[BlackElo "2405"]
[WhiteTeam "MEX"]
[BlackTeam "PER"]
[WhiteClock "0:00:46"]
[BlackClock "0:00:12"]

1. e4 c5 2. Nf3 d6 3. Bb5+ Nd7 4. c4 a6 5. Ba4 Nf6 6. Nc3 e6 7. O-O Be7 8. a3 O-O 9. b4 cxb4 10. axb4 Qc7 11. Bb3 b6 12. d4 Bb7 13. Re1 b5 14. c5 dxc5 15. dxc5 Rfd8 16. Qc2 Ne5 17. Nxe5 Qxe5 18. Bb2 Qh5 19. h3 Qg6 20. Re3 Nh5 21. Rae1 Bf6 22. Qc1 Bd4 23. Rf3 Nf6 24. Nd5 Bxb2 25. Ne7+ Kh8 26. Nxg6+ hxg6 27. Qxb2 Bxe4 28. Rxf6 gxf6 29. Rxe4 Kg8 30. Qxf6 1-0